AoeStats
← NyksGG8062

Lombardia

507765485Analyzed
4v4 RM · 13d ago on Sep 19, 2026· 59m 15s· 8 players
Game mode
Random Map
Map size
Large (8 player)
Population
200
Speed
Normal
Resources
Standard
Victory
Conquest
Starting age
Dark Age
Ending age
Imperial Age
RankedLock teamsTeams togetherTeam positionsShared explorationLock speedFull tech treeHidden civsTurbo modeCheats
Victory
Defeat
🇨🇴 Romans · Colombia
784
+14
🇬🇧 Persians · United Kingdom
768
+15
🇨🇳 Hindustanis · China
766
+15
🇸🇦 Franks · Saudi Arabia
727
+18
🇹🇷 Khmer · Türkiye
792
-46
🇹🇷 Spanish · Türkiye
758
-16
🇹🇷 Malians · Türkiye
751
-16
🇹🇷 Britons · Türkiye
694
-13
BOOSON 8
15:18 Feudal Age
14:10 Loom
19:39 Horse Collar
19:47 Double-Bit Axe
19:54 Gold Mining
24:48 Castle Age
23:31 Wheelbarrow
24:08 Stone Mining
26:23 Caravan
30:43 Coinage
31:37 Heavy Plow
31:51 Bow Saw
32:37 Gold Shaft Mining
32:38 Stone Shaft Mining
37:21 Imperial Age
35:07 Hand Cart
38:37 Kamandaran
38:58 Conscription
38:57 Elite War Elephant
40:03 Guilds
40:31 Banking
41:46 Crossbowman
42:32 Thumb Ring
45:51 Chemistry
44:57 Pikeman
45:23 Gambesons
45:23 Arson
45:41 Squires
46:15 Forging
46:11 Scale Barding Armor
45:56 Fletching
46:07 Padded Archer Armor
46:07 Scale Mail Armor
45:36 Halberdier
46:33 Elite Skirmisher
xTc
10:33 Feudal Age
15:18 Castle Age
15:19 Double-Bit Axe
20:12 Gold Mining
20:39 Stone Mining
21:06 Bow Saw
32:23 Imperial Age
31:10 Gold Shaft Mining
33:07 Scale Barding Armor
33:13 Forging
32:27 Cavalier
35:31 Caravan
36:01 Coinage
38:02 Chain Barding Armor
38:18 Iron Casting
41:30 Banking
43:02 Wheelbarrow
43:32 Chivalry
43:10 Paladin
44:32 Plate Barding Armor
44:58 Blast Furnace
51:32 Ballistics
52:13 Chemistry
52:13 Scale Mail Armor
52:13 Padded Archer Armor
52:04 Fletching
56:55 Elite Throwing Axeman
59:15 Elite Skirmisher
sergiorh300
0:50 Loom
11:19 Feudal Age
13:42 Double-Bit Axe
13:50 Gold Mining
15:03 Horse Collar
19:42 Castle Age
18:33 Forging
19:24 Stone Mining
19:52 Scale Mail Armor
20:31 Man-at-Arms
21:14 Squires
22:39 Bow Saw
23:55 Long Swordsman
34:40 Imperial Age
34:03 Chain Mail Armor
34:24 Iron Casting
34:48 Legionary
38:35 Blast Furnace
41:10 Ballistics
41:50 Chemistry
41:20 Caravan
45:37 Heavy Scorpion
49:28 Comitatenses
54:04 Ballistas
fjk
11:10 Feudal Age
12:57 Wheelbarrow
12:27 Double-Bit Axe
12:46 Horse Collar
13:54 Gold Mining
17:58 Castle Age
16:04 Stone Mining
19:09 Hand Cart
19:07 Bow Saw
20:28 Heavy Plow
22:38 Stone Shaft Mining
26:57 Gold Shaft Mining
33:14 Imperial Age
30:33 Town Watch
30:46 Town Watch
30:46 Loom
33:46 Fortified Wall
33:57 Caravan
34:25 Conscription
36:15 Two-Man Saw
34:37 Heavy Camel Rider
35:31 Bloodlines
35:24 Husbandry
35:38 Masonry
35:48 Forging
35:44 Scale Barding Armor
37:27 Iron Casting
36:15 Imperial Camel Rider
38:27 Chain Barding Armor
39:42 Chemistry
38:50 Siege Engineers
40:17 Plate Barding Armor
40:44 Blast Furnace
39:35 Fletching
39:45 Padded Archer Armor
41:31 Grand Trunk Road
42:23 Ballistics
41:59 Murder Holes
43:21 Bodkin Arrow
44:02 Town Patrol
45:34 Hoardings
45:42 Bracer
45:58 Leather Archer Armor
55:02 Elite Skirmisher
55:48 Thumb Ring
56:18 Ring Archer Armor
55:48 Scale Mail Armor
Diax
10:06 Feudal Age
11:58 Horse Collar
12:08 Double-Bit Axe
20:08 Castle Age
18:53 Stone Mining
18:54 Gold Mining
21:10 Bow Saw
21:48 Wheelbarrow
24:07 Gold Shaft Mining
26:42 Caravan
28:03 Hand Cart
31:48 Imperial Age
31:45 Yeomen
32:41 Padded Archer Armor
32:32 Fletching
32:20 Sappers
33:53 Leather Archer Armor
34:44 Treadmill Crane
35:16 Fortified Wall
35:12 Siphons
36:08 Chemistry
35:21 Masonry
34:59 Arrowslits
35:35 Elite Longbowman
37:58 Hoardings
37:44 Conscription
37:46 Pikeman
38:27 Squires
39:47 Arson
40:50 Bodkin Arrow
42:13 Ring Archer Armor
41:54 Bracer
42:24 Ballistics
43:31 Halberdier
46:02 Masonry
45:58 Siege Engineers
45:44 Heated Shot
45:57 Scale Mail Armor
54:11 Chain Mail Armor
StaLker
12:20 Feudal Age
14:46 Double-Bit Axe
19:50 Castle Age
19:21 Horse Collar
19:36 Stone Mining
25:42 Gold Mining
26:15 Bow Saw
28:31 Heavy Plow
33:14 Wheelbarrow
32:56 Padded Archer Armor
37:24 Imperial Age
36:24 Fletching
36:50 Leather Archer Armor
37:46 Heavy Camel Rider
38:41 Scale Barding Armor
40:15 Stone Shaft Mining
40:16 Gold Shaft Mining
39:09 Onager
40:37 Hand Cart
40:10 Loom
42:56 Ballistics
43:38 Chemistry
44:18 Caravan
44:49 Coinage
44:30 Guilds
44:40 Elite Gbeto
44:43 Siege Onager
45:48 Farimba
46:57 Bodkin Arrow
47:33 Ring Archer Armor
47:38 Light Cavalry
48:28 Bloodlines
54:30 Chain Barding Armor
56:09 Pikeman
56:50 Squires
ArmoniACx
11:13 Feudal Age
12:48 Double-Bit Axe
20:24 Castle Age
18:44 Horse Collar
18:58 Gold Mining
24:34 Bow Saw
25:18 Fortified Wall
25:36 Stone Mining
28:10 Caravan
30:57 Stone Shaft Mining
31:23 Forging
31:07 Fletching
31:56 Arson
32:12 Squires
35:24 Imperial Age
33:03 Heavy Plow
33:19 Masonry
33:55 Wheelbarrow
33:55 Padded Archer Armor
34:02 Scale Barding Armor
38:17 Chemistry
37:38 Ballistics
38:36 Conscription
38:39 Hand Cart
40:13 Bloodlines
40:04 Husbandry
40:21 Elite Conquistador
41:58 Leather Archer Armor
41:39 Bodkin Arrow
43:34 Town Watch
44:42 Ring Archer Armor
46:38 Murder Holes
47:51 Pikeman
48:29 Bodkin Arrow
49:10 Iron Casting
48:56 Chain Barding Armor
53:23 Blast Furnace
52:24 Bracer
53:44 Two-Man Saw
NyksGG8062
9:11 Feudal Age
13:41 Wheelbarrow
13:59 Double-Bit Axe
17:11 Stone Mining
20:53 Gold Mining
25:07 Castle Age
26:27 Forging
26:18 Scale Mail Armor
26:18 Padded Archer Armor
26:24 Scale Barding Armor
26:09 Fletching
26:43 Hand Cart
27:26 Horse Collar
28:23 Iron Casting
28:34 Gold Shaft Mining
28:42 Bow Saw
31:56 Leather Archer Armor
31:56 Chain Mail Armor
33:47 Heavy Plow
34:27 Stone Shaft Mining
34:58 Bodkin Arrow
37:57 Imperial Age
40:28 Elite Ballista Elephant
41:20 Tusk Swords
44:11 Ring Archer Armor
44:01 Chain Barding Armor
44:42 Blast Furnace
43:42 Bracer
44:12 Masonry
44:28 Ballistics
45:10 Chemistry
44:32 Fortified Wall
44:20 Murder Holes
44:45 Cavalier
45:25 Husbandry
44:46 Light Cavalry
45:37 Bloodlines
46:34 Light Cavalry
47:15 Husbandry
47:26 Bloodlines
51:12 Plate Barding Armor
51:47 Pikeman
51:48 Man-at-Arms
52:14 Arson
51:52 Light Cavalry
52:33 Husbandry
52:43 Bloodlines
51:54 Elite Battle Elephant
51:58 Heavy Cavalry Archer
53:03 Parthian Tactics
51:59 Elite Skirmisher
52:00 Crossbowman
54:10 Halberdier
54:15 Long Swordsman
Connection lost

Rejoining the realm…

Still unreachable

The connection could not be restored.

Session expired

The server has moved on; the page needs a fresh start.